 Dungeon Crawl Stone Soup version 0.31.0-11-ge490571c62 (webtiles) character file.

Game seed: 8481282283144226777

105 Gadfly the Insei (level 4, 0/35 HPs)
             Began as a Demonspawn Monk on Feb 3, 2024.
             Succumbed to an orc wizard's poison
             ... on level 6 of the Dungeon.
             The game lasted 00:01:49 (1796 turns).

Gadfly the Insei (Demonspawn Monk)                  Turns: 1796, Time: 00:01:50

Health: 0/35       AC:  8    Str: 14    XL:     4   Next: 53%
Magic:  4/4        EV: 13    Int: 10    God:
Gold:   94         SH:  0    Dex: 15    Spells: 3/3 levels left

rFire   . . .        b - +1 mace (elec)
rCold   . . .        c - orb {light}
rNeg    . . .        a - +0 robe
rPois   .            (no helmet)
rElec   .            (no cloak)
rCorr   .            (no gloves)
SInv    .            (no boots)
Will    .....        (no amulet)
Stlth   +            (no ring)
HPRegen 0.25/turn    (no ring)
MPRegen 0.09/turn

%: no passive effects
@: lethally poisoned (0 -> -15), sanguine armoured, glowing
A: ignite blood 1, sanguine armour 1
a: no special abilities


You were on level 6 of the Dungeon.
You visited 1 branch of the dungeon, and saw 4 of its levels.

You collected 94 gold pieces.

Inventory:

Hand Weapons
 b - a +1 mace of electrocution (weapon)
Armour
 a - a +0 robe (worn)
 c - an orb of light (worn)
Scrolls
 d - 2 scrolls of teleportation
Potions
 e - a potion of haste {unknown}
 g - a potion of ambrosia
 h - a potion of enlightenment {unknown}
 i - a potion of lignification {unknown}


   Skills:
 - Level 3.0 Fighting
 + Level 3.1 Dodging
 * Level 3.4 Unarmed Combat
 * Level 2.1 Evocations
 * Level 1.4 Shapeshifting


You had 3 spell levels left.
You didn't know any spells.
Your spell library was empty.

Dungeon Overview and Level Annotations

Branches:
Dungeon (3/15)

Altars:


Innate Abilities, Weirdness & Mutations

Your demonic aura sometimes causes spilled blood to erupt in flames.
When seriously injured, your blood forms armour. (AC +6)


Message History

You hit the orc wizard but do no damage.
You feel very sick.
The orc wizard hits you with a +2 dagger of venom.
You are more poisoned.
You are too injured to fight recklessly!
You are too injured to fight recklessly!
You are too injured to fight recklessly!
You are too injured to fight recklessly!
You are too injured to fight recklessly!
You are too injured to fight recklessly!
You are too injured to fight recklessly!
You are too injured to fight recklessly!
You are too injured to fight recklessly!
You are too injured to fight recklessly!
You are too injured to fight recklessly!
You are too injured to fight recklessly!
You are too injured to fight recklessly!
You are too injured to fight recklessly!
You are too injured to fight recklessly!
You are too injured to fight recklessly!
You are too injured to fight recklessly!
You are too injured to fight recklessly!
You are too injured to fight recklessly!
You are too injured to fight recklessly!
You are too injured to fight recklessly!
You are too injured to fight recklessly!
You are too injured to fight recklessly!
You completely miss the orc wizard.
You feel very sick.
The orc wizard hits you with a +2 dagger of venom.
You are lethally poisoned!
You thump the orc wizard!
The orc wizard is heavily wounded.
* * * LOW HITPOINT WARNING * * *
You feel extremely sick. The orc wizard closely misses you.
The orc wizard misses you.
You hit the orc wizard.
Lightning courses through the orc wizard!
You kill the orc wizard!
You die...

...........## #..#
.....
............####.##
####
..........#.##...#
###########..>.###
#.#### #o# #o# #)#
#@# #.# #.# #.# #.#
#.# #.. ###


You could see 2 orcs.

Vanquished Creatures
  Terence (D:2)
  An orc wizard (D:6)
  3 adders (D:2)
  2 dart slugs (D:1)
  2 ball pythons (D:2)
  7 endoplasms
  2 giant cockroaches
  2 goblins (D:1)
  3 hobgoblins
  6 kobolds
  2 quokkas (D:2)
  7 bats
  4 frilled lizards
  5 rats
47 creatures vanquished.

Notes
Turn   | Place    | Note
-------+----------+-------------------------------------------
     0 | D:1      | Gadfly the Demonspawn Monk began the quest for the Orb.
     0 | D:1      | Reached XP level 1. HP: 18/18 MP: 1/1
     2 | D:1      | Noticed an oni
     2 | D:1      | Noticed a human
     4 | D:1      | Noticed a tengu
     4 | D:1      | Noticed a ghoul
     6 | D:1      | Noticed a minotaur
     6 | D:1      | Noticed a demonspawn
     8 | D:1      | Noticed a troll
     8 | D:1      | Noticed a barachi
    10 | D:1      | Noticed a merfolk
    10 | D:1      | Noticed a demigod
    12 | D:1      | Noticed an armataur
    14 | D:1      | Noticed a vine stalker
    14 | D:1      | Noticed a draconian
    16 | D:1      | Noticed a naga
    16 | D:1      | Noticed an octopode
    18 | D:1      | Noticed an elf
    20 | D:1      | Noticed a formicid
    20 | D:1      | Noticed a gargoyle
    22 | D:1      | Noticed a felid
    22 | D:1      | Noticed a djinni
    24 | D:1      | Noticed a vampire
    26 | D:1      | Noticed a spriggan
   165 | D:1      | Gained mutation: Your demonic aura sometimes causes spilled
                  | blood to erupt in flames. [demonic ancestry]
   165 | D:1      | Reached XP level 2. HP: 24/24 MP: 2/2
   481 | D:1      | Reached skill level 1 in Evocations
   622 | D:1      | Reached XP level 3. HP: 26/29 MP: 3/3
   909 | D:2      | Reached skill level 1 in Shapeshifting
  1175 | D:2      | Gained mutation: When seriously injured, your blood forms
                  | armour. (AC +6) [demonic ancestry]
  1175 | D:2      | Reached XP level 4. HP: 25/35 MP: 4/4
  1385 | D:2      | Noticed Terence
  1402 | D:2      | Killed Terence
  1756 | D:3      | You fall into a shaft and drop 3 floors!
  1796 | D:6      | Succumbed to an orc wizard's poison

Illustrated notes

Levels and vault maps discovered:
D:1:      kb_arrival_jail, layout_basic
D:2:      layout_loops_ring, uniq_terence
D:3:      corexii_shack_village, layout_loops_ring, gammafunk_ghost_mausoleum,
          hex_large, minmay_statues_item
D:6:      layout_basic, minmay_temple_entry_mini_moons, serial_shops, shop,
          portal_sewer_entry_b

Skill      XL: |  1  2  3  4 |
---------------+-------------+-----
Unarmed Combat | 3 |  3.4
Evocations     | 1 2 |  2.1
Dodging        | 3 |  3.1
Shapeshifting  | 1 |  1.4
Fighting       | |  3.0

Action                     |  1- 3 |  4- 6 || total
---------------------------+-------+-------++-------
  Melee: Unarmed           |   107 |    25 ||   132
         Mace              |       |     9 ||     9
    Use: Scroll            |     2 |     2 ||     4
 Armour: Robe              |    50 |    15 ||    65
  Dodge: Dodged            |    69 |    16 ||    85
